 Dungeon Crawl Stone Soup version 0.19-a0-1341-g3513869 (webtiles) character file.

197 Amnesiac the Charmwright (level 6, 0/43 HPs)
             Began as a Human Wanderer on Sept 2, 2016.
             Slain by an orc wizard
             ... wielding the cursed +3 rapier "Cynnin" {pierce, Str+5}
              (1 damage)
             ... on level 4 of the Dungeon.
             The game lasted 00:04:23 (2242 turns).

Amnesiac the Charmwright (Human Wanderer)           Turns: 2242, Time: 00:04:23

Health: 0/43       AC:  2    Str: 13    XL:     6   Next: 5%
Magic:  5/7        EV: 12    Int: 13    God:
Gold:   101        SH:  0    Dex: 13    Spells: 2 memorised, 3 levels left

rFire  . . .     SeeInvis .     a - +2 quarterstaff
rCold  . . .     Gourm    .     d - +0 robe
rNeg   . . .     Faith    .     (shield currently unavailable)
rPois  .         Spirit   .     (no helmet)
rElec  .         Dismiss  .     (no cloak)
rCorr  .         Reflect  .     (no gloves)
MR     .....     Harm     .     (no boots)
Stlth  ++........               (no amulet)
                                (no ring)
                                (no ring)

@: no status effects
A: no striking features
a: no special abilities


You were on level 4 of the Dungeon.
You were hungry.

You visited 1 branch of the dungeon, and saw 4 of its levels.

You collected 101 gold pieces.

Inventory:

Hand Weapons
 a - a +2 quarterstaff (weapon)
 e - a +0 dagger
Armour
 d - a +0 robe (worn)
Wands
 q - a wand of slowing (32/48)
Scrolls
 g - a scroll of fog {unknown}
 j - a scroll of recharging {unknown}
 k - a scroll of identify {unknown}
 n - a scroll of enchant armour {unknown}
 p - a scroll of remove curse {unknown}
Potions
 c - a potion of flight {unknown}
 h - a potion of curing {unknown}
 l - a potion of might {unknown}
 m - a potion of mutation {unknown}
 o - a potion of berserk rage {unknown}
Books
 b - the Papyrus of Saltpetre

   Spells                             Type                      Level
   a - Infusion                       Charms                       1
   b - Spectral Weapon                Hexes/Charms                 3
Comestibles
 f - a bread ration
 i - 3 royal jellies


   Skills:
 - Level 1.0 Fighting
 + Level 2.0 Staves
 - Level 1.0 Dodging
 - Level 2.0 Stealth
 - Level 1.0 Spellcasting
 - Level 2.0 Hexes
 - Level 4.4 Charms
   Level 1.0 Necromancy
   Level 2.0 Translocations
 - Level 1.0 Evocations


You had 3 spell levels left.
You knew the following spells:

 Your Spells              Type           Power        Failure   Level  Hunger
w - Spectral Weapon       Hex/Chrm       #.......     21%         3    ####...
z - Infusion              Chrm           ##..         6%          1    ##.....


Dungeon Overview and Level Annotations

Branches:
Dungeon (4/15)
 Temple: D:4-7

Altars:


Message History

You miss something.
You hear some strange, mumbled words.
Something tries to affect you, but you resist.
Casting: Spectral Weapon
Confirm with . or Enter, or press ? or * to list all spells.
Okay, then.
Unknown command.
You miss something. Something hits you.
You hit something but do no damage. Something hits you!
* * * LOW HITPOINT WARNING * * *
x2 Something closely misses your spectral weapon.
Something hits your spectral weapon.
Your spectral weapon shares its damage with you!
* * * LOW HITPOINT WARNING * * *
Something hits your spectral weapon.
Your spectral weapon shares its damage with you! x2
* * * LOW HITPOINT WARNING * * *
Something hits you.
* * * LOW HITPOINT WARNING * * *
You die...

#..## ##..##
##........# ##.##
##..##
##......### #.##
##..## #......##
.## #..##
###......# ##
##.## ##........#
# ##..#
##..###....#
#..## #..##
##...# ##..# #..#
....# # #...##
#(@# ..... ##
#....## #.{# ....
.# ##....# ##..
### .# ###..##
#... .#
##..######.. .#
##......###. .#
#...###..# #. )#
#.....## #.
.#########.#....#
##


You could see a friendly spectral quarterstaff.

Vanquished Creatures
  A phantom (D:4)
  A hound (D:4)
  An iguana (D:4)
  A worker ant (D:4)
  A shadow imp (D:4)
  An adder skeleton (D:4)
  A giant gecko (D:4)
  3 orcs
  2 giant cockroaches
  3 hobgoblins (D:3)
  A bat (D:3)
  A kobold (D:3)
  A rat (D:1)
18 creatures vanquished.

Notes
Turn   | Place    | Note
-------+----------+-------------------------------------------
     0 | D:1      | Amnesiac the Human Wanderer began the quest for the Orb.
     0 | D:1      | Amnesiac set off with: a +2 quarterstaff, the Papyrus of Saltpetre, a potion of lignification, a +0 robe, a +0 dagger, a bread ration
     0 | D:1      | Reached XP level 1. HP: 15/15 MP: 1/1
     0 | D:1      | Identified the Papyrus of Saltpetre
   427 | D:3      | Reached skill level 1 in Spellcasting
   431 | D:3      | Learned a level 1 spell: Infusion
   621 | D:3      | Reached XP level 2. HP: 11/21 MP: 0/3
   634 | D:3      | Reached skill level 1 in Charms
  1072 | D:4      | Reached skill level 2 in Charms
  1072 | D:4      | Reached XP level 3. HP: 10/26 MP: 1/4
  1090 | D:4      | HP: 1/26 [adder skeleton (2)]
  1353 | D:4      | Learned a level 3 spell: Spectral Weapon
  1859 | D:4      | Noticed a phantom
  1860 | D:4      | Reached XP level 4. HP: 32/32 MP: 2/5
  1931 | D:4      | Killed a phantom
  1931 | D:4      | Reached skill level 4 in Charms
  1931 | D:4      | Reached XP level 5. HP: 25/37 MP: 2/6
  2046 | D:4      | Reached skill level 1 in Hexes
  2048 | D:4      | Reached XP level 6. HP: 26/43 MP: 3/7
  2242 | D:4      | HP: 1/43 [something (5)]
  2242 | D:4      | Identified the cursed +3 rapier "Cynnin" {pierce, Str+5}
  2242 | D:4      | Slain by an orc wizard

Vault maps used:
D:1:      eino_arrival_cavern_d, roderic_lattice_a, minmay_tripent
D:2:      first_bread, kennysheep_potato
D:3:      hex_medium
D:4:      minmay_bent

Skill      XL: |  1  2  3  4  5 |
---------------+----------------+-----
Spellcasting   | 1 |  1.0
Charms         | 2 4 |  4.4
Hexes          | 2 |  2.0
Fighting       | |  1.0
Staves         | |  2.0
Dodging        | |  1.0
Stealth        | |  2.0
Necromancy     | |  1.0
Translocations | |  2.0
Evocations     | |  1.0

Action                   |  1- 3 |  4- 6 || total
-------------------------+-------+-------++-------
Melee: Quarterstaff      |    42 |    24 ||    66
 Cast: Infusion          |     4 |       ||     4
       Spectral Weapon   |       |     3 ||     3
  Use: Potion            |     2 |       ||     2
 Stab: Sleeping          |     2 |       ||     2
  Eat: Chunk             |     3 |     1 ||     4
Armor: Robe              |     2 |       ||     2
       Skin              |     3 |       ||     3
Dodge: Dodged            |    17 |    18 ||    35
